TOP OF THE 1ST |
Mexico City Cerveceros batting - Pitching for Mile High Broncos : RHP Bob Smith
|
Pitching: RHP Bob Smith
|
|
Batting: RHB Pablo Trujillo
|
0-0: Ball 1-0: Called Strike 1-1: Ball 2-1: Foul Ball, location: 2F 2-2: Reached on error, E5 (Groundball, 5)
|
Batting: RHB John Anderson
|
0-0: Ball 1-0: Called Strike 1-1: Ball 2-1: Ball 3-1: Called Strike 3-2: Base on Balls
|
Batting: LHB Chad Weaver
|
0-0: Fly out, F6 (Popup, 56D)
|
Batting: RHB Dennis Stephenson
|
0-0: Called Strike 0-1: Swinging Strike 0-2: Ball 1-2: Ball 2-2: Foul Ball, location: 2F 2-2: 3-RUN HOME RUN (Flyball, 7D), Distance : 370 ft
|
Batting: LHB Luka Lagerweij
|
0-0: Called Strike 0-1: Foul Ball, location: 2F 0-2: Ball 1-2: Ball 2-2: DOUBLE (Flyball, 8RXD)
|
Batting: LHB Brandon Cummings
|
0-0: Called Strike 0-1: Ball 1-1: Ball 2-1: Ground out 4-3 (Groundball, 4) Luka Lagerweij to third
|
Batting: RHB Rafael Rincón
|
0-0: Ball 1-0: Swinging Strike 1-1: Foul Ball, location: 2F 1-2: Foul Ball, location: 2F 1-2: SINGLE (Groundball, 4D) Luka Lagerweij scores
|
Batting: RHB Reynold Akker
|
0-0: Swinging Strike 0-1: Foul Ball, location: 2F 0-2: Ball 1-2: Strikes out swinging
|
Top of the 1st over - 4 run(s), 3 hit(s), 1 error(s), 1 left on base; Mexico City 4 - Mile High 0 |
BOTTOM OF THE 1ST |
Mile High Broncos batting - Pitching for Mexico City Cerveceros : RHP Roberto Matoza
|
Pitching: RHP Roberto Matoza
|
|
Batting: LHB Doyle Otterburn
|
0-0: Ball 1-0: Foul Ball, location: 2F 1-1: Ball 2-1: SINGLE (Line Drive, 4MD)
|
Batting: LHB Tony Báez
|
0-0: Swinging Strike 0-1: Ball 1-1: Ball 2-1: Foul Ball, location: 2F 2-2: Foul Ball, location: 2F 2-2: Strikes out looking
|
Batting: RHB José Herrera
|
0-0: Ball 1-0: Swinging Strike 1-1: Ball 2-1: Foul Ball, location: 2F 2-2: Ball 3-2: Strikes out swinging
|
Batting: RHB Juan Jose Guevana
|
0-0: Called Strike 0-1: Foul Ball, location: 2F 0-2: Ball 1-2: Foul Ball, location: 2F 1-2: Foul Ball, location: 2F 1-2: Fly out, F7 (Flyball, 78XD)
|
Bottom of the 1st over - 0 run(s), 1 hit(s), 0 error(s), 1 left on base; Mexico City 4 - Mile High 0 |
TOP OF THE 2ND |
Mexico City Cerveceros batting - Pitching for Mile High Broncos : RHP Bob Smith
|
Batting: LHB Ricardo Márquez
|
0-0: Swinging Strike 0-1: Swinging Strike 0-2: Foul Ball, location: 2F 0-2: Strikes out swinging
|
Batting: RHB Pablo Trujillo
|
0-0: Ball 1-0: Ball 2-0: Called Strike 2-1: Fly out, F8 (Flyball, 8RD)
|
Batting: RHB John Anderson
|
0-0: Ball 1-0: Ball 2-0: Called Strike 2-1: Ball 3-1: Swinging Strike 3-2: Fly out, F9 (Flyball, 89XD)
|
Top of the 2nd over - 0 run(s), 0 hit(s), 0 error(s), 0 left on base; Mexico City 4 - Mile High 0 |
BOTTOM OF THE 2ND |
Mile High Broncos batting - Pitching for Mexico City Cerveceros : RHP Roberto Matoza
|
Batting: LHB Bill Houston
|
0-0: Ball 1-0: Foul Ball, location: 2F 1-1: Called Strike 1-2: Ball 2-2: Foul Ball, location: 2F 2-2: SINGLE (Line Drive, 8LS)
|
Batting: RHB Juan Gonzáles
|
0-0: Foul Ball, location: 2F 0-1: Called Strike 0-2: Fly out, F9 (Flyball, 89S)
|
Batting: SHB Tom Stevens
|
0-0: Ball 1-0: Ball 2-0: SINGLE (Groundball, 34D) Bill Houston to second Runner from 2nd tries for 3rd, SAFE, no throw or cutoff
|
Batting: RHB Terry Fuller
|
0-0: Ball 1-0: Ball 2-0: Called Strike 2-1: Swinging Strike 2-2: Foul Ball, location: 2F 2-2: Strikes out swinging
|
Batting: RHB Francisco Medina
|
0-0: Ball 1-0: Called Strike 1-1: Foul Ball, location: 2F 1-2: Strikes out swinging
|
Bottom of the 2nd over - 0 run(s), 2 hit(s), 0 error(s), 2 left on base; Mexico City 4 - Mile High 0 |
TOP OF THE 3RD |
Mexico City Cerveceros batting - Pitching for Mile High Broncos : RHP Bob Smith
|
Batting: LHB Chad Weaver
|
0-0: Called Strike 0-1: Ball 1-1: Ball 2-1: SINGLE (Groundball, 4MD)
|
Batting: RHB Dennis Stephenson
|
0-0: Called Strike 0-1: Called Strike Chad Weaver is caught stealing 2nd base 0-2: Foul Ball, location: 2F 0-2: Strikes out swinging
|
Batting: LHB Luka Lagerweij
|
0-0: Ball 1-0: Called Strike 1-1: Ball 2-1: Ball 3-1: Base on Balls
|
Batting: LHB Brandon Cummings
|
0-0: Ball 1-0: Swinging Strike 1-1: Called Strike 1-2: Ground out 4-3 (Groundball, 4)
|
Top of the 3rd over - 0 run(s), 1 hit(s), 0 error(s), 1 left on base; Mexico City 4 - Mile High 0 |
BOTTOM OF THE 3RD |
Mile High Broncos batting - Pitching for Mexico City Cerveceros : RHP Roberto Matoza
|
Batting: LHB Doyle Otterburn
|
0-0: Ball 1-0: Ball 2-0: Ball 3-0: Called Strike 3-1: Base on Balls
|
Batting: LHB Tony Báez
|
0-0: Ball 1-0: Ball 2-0: Reached on error, E4 (Groundball, 34) Doyle Otterburn to second
|
Batting: RHB José Herrera
|
0-0: Ball 1-0: Fielders Choice at 2nd, 3-6 (Groundball, 3) Doyle Otterburn to third
|
Batting: RHB Juan Jose Guevana
|
0-0: Ball 1-0: Called Strike 1-1: Ball 2-1: Called Strike 2-2: Fly out, F8 (Flyball, 8RM) Runner from 3rd tags up, SCORES, throw made
|
Batting: LHB Bill Houston
|
0-0: Hit by Pitch José Herrera to second
|
Batting: RHB Juan Gonzáles
|
0-0: Foul Ball, location: 2F 0-1: Ball 1-1: Hit by Pitch José Herrera to third Bill Houston to second
|
Batting: SHB Tom Stevens
|
0-0: Called Strike 0-1: Called Strike 0-2: Ball 1-2: Ball 2-2: Ball Wild Pitch! José Herrera scores Bill Houston to third Juan Gonzáles to second 3-2: Ground out 4-3 (Groundball, 4)
|
Bottom of the 3rd over - 2 run(s), 0 hit(s), 1 error(s), 2 left on base; Mexico City 4 - Mile High 2 |
TOP OF THE 4TH |
Mexico City Cerveceros batting - Pitching for Mile High Broncos : RHP Bob Smith
|
Batting: RHB Rafael Rincón
|
0-0: Ball 1-0: Ball 2-0: Ball 3-0: Called Strike 3-1: Ground out 6-3 (Groundball, 56)
|
Batting: RHB Reynold Akker
|
0-0: Ground out 4-3 (Groundball, 4)
|
Batting: LHB Ricardo Márquez
|
0-0: Ball 1-0: Called Strike 1-1: Ball 2-1: Foul Ball, location: 2F 2-2: Foul Ball, location: 2F 2-2: Ball 3-2: SINGLE (Line Drive, 8LS)
|
Batting: RHB Pablo Trujillo
|
0-0: Called Strike 0-1: Called Strike 0-2: Ball 1-2: Strikes out swinging
|
Top of the 4th over - 0 run(s), 1 hit(s), 0 error(s), 1 left on base; Mexico City 4 - Mile High 2 |
BOTTOM OF THE 4TH |
Mile High Broncos batting - Pitching for Mexico City Cerveceros : RHP Roberto Matoza
|
Batting: RHB Terry Fuller
|
0-0: SINGLE (Line Drive, 6)
|
Batting: RHB Francisco Medina
|
0-0: Ball 1-0: Swinging Strike 1-1: Called Strike 1-2: Ball 2-2: DOUBLE (Line Drive, 5L) Terry Fuller to third Terry Fuller scores
|
Batting: LHB Doyle Otterburn
|
0-0: Ball 1-0: Ball 2-0: Called Strike 2-1: Ground out 4-3 (Groundball, 4M) Francisco Medina to third
|
Batting: LHB Tony Báez
|
0-0: Ball 1-0: Foul Ball, location: 2F 1-1: Foul Ball, location: 2F 1-2: Foul Ball, location: 2F 1-2: Foul Ball, location: 2F 1-2: Ball 2-2: Strikes out swinging
|
Batting: RHB José Herrera
|
0-0: Foul Ball, location: 2F 0-1: Swinging Strike 0-2: Strikes out looking
|
Bottom of the 4th over - 1 run(s), 2 hit(s), 0 error(s), 1 left on base; Mexico City 4 - Mile High 3 |
TOP OF THE 5TH |
Mexico City Cerveceros batting - Pitching for Mile High Broncos : RHP Bob Smith
|
Pitching: RHP Myoung-chul Im
|
|
Batting: RHB John Anderson
|
0-0: Ball 1-0: Called Strike 1-1: Ball 2-1: Swinging Strike 2-2: Fly out, F4 (Popup, 4D)
|
Batting: LHB Chad Weaver
|
0-0: Called Strike 0-1: Foul Ball, location: 2F 0-2: Ball 1-2: Ball 2-2: Ball 3-2: Base on Balls
|
Batting: RHB Dennis Stephenson
|
0-0: Ball 1-0: 2-RUN HOME RUN (Flyball, 8LXD), Distance : 428 ft
|
Batting: LHB Luka Lagerweij
|
0-0: Foul Ball, location: 2F 0-1: Foul Ball, location: 2F 0-2: Ball 1-2: Ground out U3 (Groundball, 3)
|
Batting: LHB Brandon Cummings
|
0-0: Ball 1-0: Foul Ball, location: 2F 1-1: Foul Ball, location: 2F 1-2: Foul Ball, location: 2F 1-2: Strikes out swinging
|
Top of the 5th over - 2 run(s), 1 hit(s), 0 error(s), 0 left on base; Mexico City 6 - Mile High 3 |
BOTTOM OF THE 5TH |
Mile High Broncos batting - Pitching for Mexico City Cerveceros : RHP Roberto Matoza
|
Pitching: RHP Jonathan Long
|
|
Batting: RHB Juan Jose Guevana
|
0-0: Ball 1-0: Ball 2-0: Ball 3-0: Base on Balls
|
Batting: LHB Bill Houston
|
0-0: Called Strike 0-1: Foul Ball, location: 2F 0-2: Ball 1-2: Foul Ball, location: 2F 1-2: Ball 2-2: Foul Ball, location: 2F 2-2: Ball 3-2: Foul Ball, location: 2F 3-2: Foul Ball, location: 2F 3-2: Base on Balls Juan Jose Guevana to second
|
Batting: RHB Juan Gonzáles
|
0-0: Foul Ball, location: 2F 0-1: Foul Ball, location: 2F 0-2: Strikes out swinging
|
Batting: SHB Tom Stevens
|
0-0: Called Strike 0-1: Foul Ball, location: 2F 0-2: Ball 1-2: SINGLE (Groundball, 6MD) (infield hit) Juan Jose Guevana to third Bill Houston to second
|
Batting: RHB Terry Fuller
|
0-0: Fly out, F8 (Flyball, 8RM) Runner from 3rd tags up, SCORES, throw made
|
Batting: RHB Francisco Medina
|
0-0: Foul Ball, location: 2F 0-1: Foul Ball, location: 2F 0-2: Foul Ball, location: 2F 0-2: Foul Ball, location: 2F 0-2: Ball 1-2: Foul Ball, location: 2F 1-2: Foul Ball, location: 2F 1-2: Ball 2-2: Ball 3-2: Foul Ball, location: 2F 3-2: Foul Ball, location: 2F 3-2: Strikes out swinging
|
Bottom of the 5th over - 1 run(s), 1 hit(s), 0 error(s), 2 left on base; Mexico City 6 - Mile High 4 |
TOP OF THE 6TH |
Mexico City Cerveceros batting - Pitching for Mile High Broncos : RHP Myoung-chul Im
|
Batting: RHB Rafael Rincón
|
0-0: Called Strike 0-1: Foul Ball, location: 2F 0-2: Ball 1-2: Ball 2-2: Ball 3-2: Base on Balls
|
Batting: RHB Reynold Akker
|
0-0: DOUBLE (Flyball, 78D) Rafael Rincón to third Runner from 3rd tries for Home, SAFE, throw made home
|
Pitching: RHP Ramón Soto
|
|
Batting: LHB Ricardo Márquez
|
0-0: Swinging Strike 0-1: Foul Ball, location: 2F 0-2: Foul Ball, location: 2F 0-2: Ball 1-2: Strikes out looking
|
Batting: RHB Pablo Trujillo
|
0-0: Swinging Strike 0-1: Called Strike 0-2: Strikes out swinging
|
Batting: RHB John Anderson
|
0-0: Called Strike 0-1: Called Strike 0-2: Strikes out looking
|
Top of the 6th over - 1 run(s), 1 hit(s), 0 error(s), 1 left on base; Mexico City 7 - Mile High 4 |
BOTTOM OF THE 6TH |
Mile High Broncos batting - Pitching for Mexico City Cerveceros : RHP Jonathan Long
|
Batting: LHB Doyle Otterburn
|
0-0: Called Strike 0-1: Swinging Strike 0-2: Foul Ball, location: 2F 0-2: Ball 1-2: SINGLE (Line Drive, 34)
|
Pitching: RHP Leonard Lewis
|
|
Batting: LHB Tony Báez
|
0-0: Called Strike 0-1: Foul Ball, location: 2F 0-2: Strikes out looking
|
Batting: RHB José Herrera
|
0-0: Called Strike 0-1: Fly out, F3 (Line Drive, 3)
|
Batting: RHB Juan Jose Guevana
|
0-0: Ball 1-0: Ball 2-0: Called Strike 2-1: Foul Ball, location: 2F 2-2: Ball 3-2: Ground out 4-3 (Groundball, 4)
|
Bottom of the 6th over - 0 run(s), 1 hit(s), 0 error(s), 1 left on base; Mexico City 7 - Mile High 4 |
TOP OF THE 7TH |
Mexico City Cerveceros batting - Pitching for Mile High Broncos : RHP Ramón Soto
|
Now in RF: Marcos Reyes
|
|
Batting: LHB Chad Weaver
|
0-0: Fly out, F6 (Line Drive, 6)
|
Batting: RHB Dennis Stephenson
|
0-0: Ball 1-0: Ball 2-0: Foul Ball, location: 2F 2-1: Foul Ball, location: 2F 2-2: Ball 3-2: Base on Balls
|
Batting: LHB Luka Lagerweij
|
0-0: Called Strike 0-1: Foul Ball, location: 2F 0-2: Strikes out swinging
|
Batting: LHB Brandon Cummings
|
0-0: Foul Ball, location: 2F 0-1: Foul Ball, location: 2F 0-2: Ball 1-2: Ball 2-2: Ground out 3-1 (Groundball, 34)
|
Top of the 7th over - 0 run(s), 0 hit(s), 0 error(s), 1 left on base; Mexico City 7 - Mile High 4 |
BOTTOM OF THE 7TH |
Mile High Broncos batting - Pitching for Mexico City Cerveceros : RHP Leonard Lewis
|
Batting: LHB Bill Houston
|
0-0: Ball 1-0: Ball 2-0: SOLO HOME RUN (Flyball, 9LD), Distance : 367 ft
|
Batting: RHB Juan Gonzáles
|
0-0: Ball 1-0: Ball 2-0: Ball 3-0: Base on Balls
|
Batting: SHB Tom Stevens
|
0-0: Called Strike 0-1: Ball 1-1: Ball 2-1: Foul Ball, location: 2F 2-2: Ball 3-2: Strikes out swinging
|
Batting: RHB Terry Fuller
|
0-0: Called Strike 0-1: Ball 1-1: Grounds into double play, 6-4-3 (Groundball, 6)
|
Bottom of the 7th over - 1 run(s), 1 hit(s), 0 error(s), 0 left on base; Mexico City 7 - Mile High 5 |
TOP OF THE 8TH |
Mexico City Cerveceros batting - Pitching for Mile High Broncos : RHP Ramón Soto
|
Pitching: RHP Tony Marrero
|
|
Batting: RHB Rafael Rincón
|
0-0: Ball 1-0: Called Strike 1-1: Foul Ball, location: 2F 1-2: Ball 2-2: Ball 3-2: SOLO HOME RUN (Flyball, 89XD), Distance : 403 ft
|
Batting: RHB Reynold Akker
|
0-0: Foul Ball, location: 2F 0-1: Fly out, F3 (Popup, 3DF)
|
Batting: LHB Ricardo Márquez
|
0-0: Ball 1-0: Ball 2-0: Ball 3-0: Base on Balls
|
Batting: RHB Pablo Trujillo
|
0-0: Called Strike 0-1: Ball 1-1: Grounds into double play, 2-6-3 (Groundball, 2R)
|
Top of the 8th over - 1 run(s), 1 hit(s), 0 error(s), 0 left on base; Mexico City 8 - Mile High 5 |
BOTTOM OF THE 8TH |
Mile High Broncos batting - Pitching for Mexico City Cerveceros : RHP Leonard Lewis
|
Pitching: RHP David Escobido
|
|
Batting: RHB Francisco Medina
|
0-0: Called Strike 0-1: Fly out, F8 (Flyball, 8RM)
|
Batting: LHB Doyle Otterburn
|
0-0: Ball 1-0: Called Strike 1-1: Swinging Strike 1-2: Ball 2-2: Foul Ball, location: 2F 2-2: Ball 3-2: Fly out, F9 (Flyball, 9D)
|
Batting: RHB Marcos Reyes
|
0-0: Called Strike 0-1: Swinging Strike 0-2: Strikes out swinging
|
Bottom of the 8th over - 0 run(s), 0 hit(s), 0 error(s), 0 left on base; Mexico City 8 - Mile High 5 |
TOP OF THE 9TH |
Mexico City Cerveceros batting - Pitching for Mile High Broncos : RHP Tony Marrero
|
Batting: RHB John Anderson
|
0-0: Foul Ball, location: 2F 0-1: Foul Ball, location: 2F 0-2: Strikes out looking
|
Batting: LHB Chad Weaver
|
0-0: Foul Ball, location: 2F 0-1: Foul Ball, location: 2F 0-2: Ground out 4-3 (Groundball, 4)
|
Batting: RHB Dennis Stephenson
|
0-0: Ball 1-0: Ball 2-0: Ball 3-0: Base on Balls
|
Batting: LHB Luka Lagerweij
|
0-0: Foul Ball, location: 2F 0-1: Ball 1-1: Ball 2-1: Ground out 1-3 (Groundball, 13)
|
Top of the 9th over - 0 run(s), 0 hit(s), 0 error(s), 1 left on base; Mexico City 8 - Mile High 5 |
BOTTOM OF THE 9TH |
Mile High Broncos batting - Pitching for Mexico City Cerveceros : RHP David Escobido
|
Pitching: RHP Bill Bygrove
|
|
Now at C: Jorge González
|
|
Now in CF: Júlio Cedeño
|
|
Batting: RHB José Herrera
|
0-0: Called Strike 0-1: Foul Ball, location: 2F 0-2: Ground out 4-3 (Groundball, 4S)
|
Batting: RHB Juan Jose Guevana
|
0-0: Called Strike 0-1: Ball 1-1: Foul Ball, location: 2F 1-2: Ground out 6-3 (Groundball, 6)
|
Batting: LHB Bill Houston
|
0-0: Called Strike 0-1: Ball 1-1: Swinging Strike 1-2: Foul Ball, location: 2F 1-2: SINGLE (Groundball, 6MD)
|
Batting: RHB Juan Gonzáles
|
0-0: Foul Ball, location: 2F 0-1: Ball 1-1: Foul Ball, location: 2F 1-2: Strikes out swinging
|
Bottom of the 9th over - 0 run(s), 1 hit(s), 0 error(s), 1 left on base; Mexico City 8 - Mile High 5 |
|